 Dungeon Crawl Stone Soup version 0.28.0-53-g5a82cb258f (webtiles) character file.

Game seed: 6702389614206721172

40 dduke234 the Cutter (level 3, 0/23 HPs)
             Began as a Kobold Monk on Aug 16, 2022.
             Killed from afar by a white imp (5 damage)
             ... with a puff of frost
             ... summoned by Natasha
             ... on level 2 of the Dungeon.
             The game lasted 00:03:40 (1893 turns).

dduke234 the Cutter (Kobold Monk)                   Turns: 1893, Time: 00:03:41

Health: 0/23       AC: 10    Str: 10    XL:     3   Next: 72%
Magic:  3/3        EV:  7    Int: 11    God:
Gold:   90         SH:  0    Dex: 17    Spells: 2/2 levels left

rFire   . . .      SeeInvis .   a - +0 short sword
rCold   . . .      Faith    .   (no shield)
rNeg    . . .      Spirit   .   g - +0 storm dragon scales
rPois   .          Reflect  .   (no helmet)
rElec   +          Harm     .   (no cloak)
rCorr   .          Rampage  .   (no gloves)
Will    .....                   (no boots)
Stlth   +.........              (no amulet)
HPRegen 0.07/turn               (no ring)
MPRegen 0.08/turn               (no ring)

@: slowed, very slow
A: small, no large weapons, nightstalker 3
a: no special abilities


You were on level 2 of the Dungeon.
You visited 1 branch of the dungeon, and saw 3 of its levels.

You collected 90 gold pieces.

Inventory:

Hand Weapons
 a - a +0 short sword (weapon)
Armour
 b - a +0 robe
 g - +0 storm dragon scales (worn)
Scrolls
 d - a scroll of vulnerability {unknown}
 f - a scroll of enchant weapon {unknown}
Potions
 e - a potion of flight


   Skills:
 * Level 3.6 Fighting
 * Level 4.7 Short Blades
 + Level 0.1 Armour
 * Level 4.1 Dodging
 * Level 3.5 Stealth


You had 2 spell levels left.
You didn't know any spells.
Your spell library was empty.

Dungeon Overview and Level Annotations

Branches:
Dungeon (3/15)

Altars:

Annotations:
D:2 Natasha


Innate Abilities, Weirdness & Mutations

You are small and have problems with some larger weapons.
You are completely attuned to the shadows.


Message History

The gnoll hits you from afar with a +0 spear.
The gnoll closely misses you. Natasha claws you.
You climb upwards.
Reactivating autopickup.
There is a stone staircase leading down here.
You closely miss the orc. The orc hits you but does no damage.
Natasha stares at you and mumbles some strange words.
You feel as though you will be slow longer.
The orc hits you but does no damage.
You hit the orc but do no damage. Natasha claws you.
The orc hits you with a +0 club.
* * * LOW HITPOINT WARNING * * *
You hit the orc.
The orc is severely wounded.
Natasha mumbles some strange words.
The orc hits you but does no damage. Natasha claws you but does no damage.
You hit the orc.
You kill the orc!
Natasha claws you.
* * * LOW HITPOINT WARNING * * *
You barely miss Natasha.
Natasha is moderately wounded.
Natasha casts a spell at you.
You feel as though you will be slow longer.
The white imp hits you but does no damage.
You closely miss Natasha.
Natasha is moderately wounded.
Natasha claws you but does no damage.
The white imp hits you but does no damage.
Natasha barely misses you.
You hit Natasha.
Natasha is heavily wounded.
The white imp barely misses you. Natasha barely misses you.
The white imp hits you but does no damage.
You hit Natasha but do no damage.
Natasha is heavily wounded.
Natasha claws you but does no damage. The white imp gestures at you.
The puff of frost hits you.
You die...

#..##.## #.###..#
#..###.## ##########
##.# #..# #........# #.#
##..
#........#######.#####.
#........##............
#.....h5.##...........#
#....)@..##............
#....................##
#......................
#.........#............
#........##..รท.......##
#####.###...##....#####
##.##...............
##..#................
#..##............####


You could see Natasha and a white imp (summoned).

Vanquished Creatures
  An adder (D:2)
  A worm (D:2)
  A dart slug (D:1)
  An orc (D:2)
  3 ball pythons
  3 bats
  2 endoplasms (D:1)
  2 giant cockroaches
  A goblin (D:2)
  2 hobgoblins (D:2)
  A quokka (D:2)
  2 frilled lizards (D:1)
  A kobold (D:2)
  4 rats
25 creatures vanquished.

Vanquished Creatures (others)
  A fungus (D:1)
  A plant (D:1)
2 creatures vanquished.

Grand Total: 27 creatures vanquished

Notes
Turn   | Place    | Note
-------+----------+-------------------------------------------
     0 | D:1      | dduke234 the Kobold Monk began the quest for the Orb.
     0 | D:1      | Reached XP level 1. HP: 14/14 MP: 1/1
   218 | D:1      | Found a faded altar of an unknown god.
   246 | D:1      | Reached XP level 2. HP: 19/19 MP: 2/2
  1220 | D:2      | Reached XP level 3. HP: 17/23 MP: 3/3
  1877 | D:3      | Noticed Natasha
  1893 | D:2      | Killed from afar by a white imp

Illustrated notes

Levels and vault maps discovered:
D:1:      ncdulo_halloftheorcs, layout_loops_ring,
          shapermc_ecumenical_altar_mp_ritualfount
D:2:      layout_rooms
D:3:      layout_rooms, nicolae_qazlal_eye_of_the_storm, uniq_natasha,
          uniq_sigmund, uniq_terence

Skill      XL: |  1  2  3 |
---------------+----------+-----
Stealth        | 3 |  3.5
Dodging        | 4 |  4.1
Fighting       | |  3.6
Short Blades   | |  4.7
Armour         | |  0.1

Action                   || total
-------------------------++-------
Melee: Short sword       ||    90
       Punch             ||     2
  Use: Scroll            ||     3
       Potion            ||     1
 Stab: Sleeping          ||    11
Armor: Storm dragon scal ||    81
Dodge: Dodged            ||    38
